 Dungeon Crawl Stone Soup version 0.19.5 (webtiles) character file.

30 equalderp2856 the Scratcher (level 3, -2/17 HPs)
             Began as a Felid Fighter on Mar 25, 2017.
             Slain by Crazy Yiuf
             ... wielding a +4 quarterstaff of chaos
              (7 damage)
             ... on level 4 of the Dungeon.
             The game lasted 00:07:18 (2783 turns).

equalderp2856 the Scratcher (Felid Fighter)         Turns: 2783, Time: 00:07:19

Health: -2/17      AC:  1    Str: 13    XL:     3   Next: 5%
Magic:  4/4        EV: 19    Int:  9    God:
Gold:   161        SH:  0    Dex: 15    Spells: 0 memorised, 2 levels left
                                        Lives:  0   Deaths: 1

rFire  . . .     SeeInvis +       - Unarmed
rCold  . . .     Gourm    .     (armour unavailable)
rNeg   . . .     Faith    .     (shield unavailable)
rPois  .         Spirit   .     (helmet unavailable)
rElec  .         Reflect  .     (cloak unavailable)
rCorr  .         Harm     .     (gloves unavailable)
MR     .....                    (boots unavailable)
Stlth  +.........               (no amulet)
                                (no ring)
                                j - ring of see invisible

@: glowing, quick
A: no armour, no weapons or thrown items, stealth, claws 1, fangs 3, see
invisible, carnivore 3, speed 1, shaggy fur 1, slow metabolism 1, sharp paws
a: no special abilities


You were on level 4 of the Dungeon.
You were not hungry.

You visited 1 branch of the dungeon, and saw 4 of its levels.

You collected 161 gold pieces.

Inventory:

Jewellery
 j - a ring of see invisible (left paw)
Wands
 m - a wand of paralysis (5/24)
Scrolls
 c - 4 scrolls of identify {unknown}
 d - 2 scrolls of noise {unknown}
 e - a scroll of recharging {unknown}
 f - a scroll of amnesia {unknown}
 g - 2 scrolls of magic mapping {unknown}
 i - a scroll of remove curse {unknown}
Potions
 a - a potion of might
 h - 2 potions of brilliance {unknown}
 k - a potion of heal wounds {unknown}
 l - a potion of curing {unknown}
 n - a potion of agility {unknown}
 o - a potion of cure mutation {unknown}
Comestibles
 b - 2 meat rations


   Skills:
 + Level 3.3 Fighting
 + Level 4.4 Dodging
 + Level 2.4 Stealth
 + Level 4.8 Unarmed Combat


You had 2 spell levels left.
You didn't know any spells.

Dungeon Overview and Level Annotations

Branches:
Dungeon (4/15)
 Temple: D:4-7

Altars:
Fedhas

Annotations:
D:3 BunnyWarlock's ghost, amateur HEAM; Robin
D:4 1 runed door, Crazy Yiuf


Innate Abilities, Weirdness & Mutations

You cannot wear armour.
You are incapable of wielding weapons or throwing items.
Your paws allow you to move quietly. (Stealth)
You have sharp claws.
You have razor-sharp teeth.
You have supernaturally acute eyesight. (SInv)
You are carnivorous and can eat meat at any time.
You cover ground quickly.
You are covered in fur. (AC +1)
You have a slow metabolism.
Your sharp claws are effective at attacking unaware monsters.


Message History

You barely miss BunnyWarlock's ghost.
BunnyWarlock's ghost is lightly damaged.
BunnyWarlock's ghost hits you!
Ouch! That really hurt!
A hobgoblin comes into view.
The hobgoblin shouts!
The hobgoblin hits you.
* * * LOW HITPOINT WARNING * * *
There is an escape hatch in the floor here.
You slide downwards.
The hatch slams shut behind you.
Crazy Yiuf the Enlightened comes into view.
He is wielding a quarterstaff of chaos.
Crazy Yiuf shouts!
Found four maces.
Found a runed door.
You see here a mace.
You barely miss Crazy Yiuf.
Unknown command.
You scratch Crazy Yiuf.
Crazy Yiuf is lightly wounded.
Crazy Yiuf hits you with a quarterstaff of chaos!
You die...

#####
#@g.#
#).)#
#).)#
##+##


You could see Crazy Yiuf.

Vanquished Creatures
  3 adders
  An ooze (D:2)
  A leopard gecko (D:3)
  An orc (D:3)
  4 giant cockroaches
  7 goblins
  2 hobgoblins
  A quokka (D:3)
  5 bats
  2 frilled lizards
  5 kobolds
  7 rats
39 creatures vanquished.

Notes
Turn   | Place    | Note
-------+----------+-------------------------------------------
     0 | D:1      | equalderp2856 the Felid Fighter began the quest for the Orb.
     0 | D:1      | Reached XP level 1. HP: 10/10 MP: 2/2
   429 | D:1      | Reached XP level 2. HP: 14/14 MP: 3/3
   519 | D:1      | You fall through a shaft!
  1412 | D:2      | Found a blossoming altar of Fedhas.
  1446 | D:2      | Reached skill level 1 in Stealth
  1716 | D:2      | Reached XP level 3. HP: 16/17 MP: 4/4
  2013 | D:3      | Noticed BunnyWarlock's ghost (amateur HEAM)
  2148 | D:3      | Noticed Robin
  2728 | D:3      | Reached XP level 4. HP: 15/21 MP: 5/5
  2741 | D:3      | Hit by a tomahawk thrown by an orc
  2742 | D:3      | Reached XP level 3. HP: 0/17 MP: 4/4
  2781 | D:4      | Found a runed door.
  2781 | D:4      | Noticed Crazy Yiuf
  2783 | D:4      | Slain by Crazy Yiuf

Skill      XL: |  1  2  3 |
---------------+----------+-----
Stealth        | 1 2 |  2.4
Fighting       | |  3.3
Dodging        | |  4.4
Unarmed Combat | |  4.8

Action                   |  1- 3 |  4- 6 || total
-------------------------+-------+-------++-------
Melee: Unarmed           |   107 |     7 ||   114
       Bite              |     4 |     1 ||     5
       Punch             |     1 |       ||     1
 Stab: Sleeping          |     4 |       ||     4
  Eat: Chunk             |     9 |       ||     9
Armor: Skin              |     4 |       ||     4
Dodge: Dodged            |    76 |     6 ||    82
